 Dungeon Crawl Stone Soup version 0.26-a0-778-g3fe0686644 (webtiles) character file.

Game seed: 9110014024374252642

3367 lunkers the Geomancer (level 10, -1/74 HPs)
             Began as a Formicid Earth Elementalist on Nov 10, 2020.
             Was an Initiate of Vehumet.
             Slain by a killer bee (10 damage)
             ... on level 8 of the Dungeon.
             The game lasted 00:17:50 (9810 turns).

lunkers the Geomancer (Formicid Earth Elementalist) Turns: 9810, Time: 00:17:51

Health: -1/74      AC:  5    Str: 13    XL:     10   Next: 23%
Magic:  14/21      EV: 12    Int: 18    God:    Vehumet [......]
Gold:   481        SH:  0    Dex: 11    Spells: 18/24 levels left

rFire    . . .     SeeInvis +   o - +3 quarterstaff (chaos)
rCold    . . .     Faith    .   (no shield)
rNeg     . . .     Spirit   .   c - +0 robe
rPois    .         Reflect  .   (helmet unavailable)
rElec    .         Harm     .   p - +1 cloak {rCorr}
rCorr    +         Rampage  .   j - +0 pair of gloves
MR       +....                  (no boots)
Stlth    ++........             (no amulet)
HPRegen  0.22/turn              (no ring)
MPRegen  0.17/turn              (no ring)

@: lethally poisoned (-1 -> -5)
A: permanent stasis, dig shafts and tunnels, four strong arms, antennae 3
a: Dig, Shaft Self, Renounce Religion


You were on level 8 of the Dungeon.
You worshipped Vehumet.
Vehumet was noncommittal.
You visited 2 branches of the dungeon, and saw 10 of its levels.

You collected 481 gold pieces.

Inventory:

Hand Weapons
 b - a +0 dagger
 o - a +3 quarterstaff of chaos (weapon)
 u - a +1 dire flail of protection
 B - a +3 short sword of freezing
Missiles
 i - 141 stones (quivered)
Armour
 c - a +0 robe (worn)
 j - a +0 pair of gloves (worn)
 p - a +1 cloak of preservation (worn)
Jewellery
 k - an uncursed amulet of guardian spirit
Wands
 s - a wand of enslavement (9)
 A - a wand of random effects (16)
Scrolls
 d - 2 scrolls of amnesia {unknown}
 f - 4 scrolls of teleportation {unknown}
 h - 8 scrolls of remove curse {unknown}
 l - 2 scrolls of magic mapping {unknown}
 m - 6 scrolls of identify {unknown}
 q - a scroll of blinking {unknown}
 v - a scroll of fog {unknown}
 y - a scroll of immolation {unknown}
Potions
 a - a potion of cancellation {unknown}
 e - 2 potions of mutation {unknown}
 g - a potion of brilliance {unknown}
 n - 2 potions of degeneration {unknown}
 r - 2 potions of might {unknown}
 t - a potion of heal wounds {unknown}
 w - 3 potions of curing {unknown}
 x - a potion of haste {unknown}
 z - a potion of lignification {unknown}


   Skills:
 + Level 5.5 Fighting
 - Level 1.7 Dodging
 - Level 2.4 Stealth
 + Level 7.7 Spellcasting
 - Level 1.1 Transmutations
 * Level 12.6 Earth Magic


You had 18 spell levels left.
You knew the following spells:

 Your Spells              Type           Power        Failure   Level
a - Stone Arrow           Conj/Erth      ####..       2%          3
b - Passwall              Tmut/Erth      ####....     1%          2
c - Sandblast             Erth           ######       1%          1

Your spell library contained the following spells:

 Spells                   Type           Power        Failure   Level
 Lee's Rapid Deconstruct  Erth           ######....   1%          5
 Petrify                  Tmut/Erth      ####....     6%          4
 Foxfire                  Conj/Fire      #...         10%         1
 Conjure Flame            Conj/Fire      #.......     30%         3
 Inner Flame              Hex/Fire       #.......     30%         3
 Sticky Flame             Conj/Fire      #.......     69%         4
 Fireball                 Conj/Fire      #.........   95%         5


Dungeon Overview and Level Annotations

Branches:
Dungeon (9/15)             Temple (1/1) D:6
   Lair: D:8-11         Orc: D:9-12

Altars:
Ashenzari
Cheibriados
Dithmenos
Elyvilon
Fedhas
Gozag
Hepliaklqana
Kikubaaqudgha
Makhleb
Nemelex Xobeh
Okawaru
Qazlal
Ru
Sif Muna
Trog
Uskayaw
Vehumet
Wu Jian
Xom
Yredelemnul
Zin
The Shining One

Annotations:
D:4 2 runed translucent doors, LufLufFighter's ghost, amateur MfTm


Innate Abilities, Weirdness & Mutations

You cannot be hasted, slowed, berserked, paralysed or teleported.
You can dig through walls and to a lower floor.
Your four strong arms can wield two-handed weapons with a shield.
You have a pair of large antennae on your head. (SInv)


Message History

Casting: Sandblast (safe; 1% risk of failure)
Confirm with . or Enter, or press ? or * to list all spells.
Aiming: Stone Arrow (mildly dangerous; 2% risk of failure)
Press: ? - help, Shift-Dir - straight line, f - orc
Aim: an orc, wielding a +0 trident The stone arrow misses the orc.
You feel sick.
You hear an angry buzzing noise.
The orc hits you from afar with a +0 trident.
* * * LOW HITPOINT WARNING * * *
You hear a bark!
You hear an angry buzzing noise.
Unknown command.
Unknown command.
You feel sick. The killer bee completely misses you.
There is a stone staircase leading up here.
Unknown command.
The killer bee stings you!
* * * LOW HITPOINT WARNING * * *
You are more poisoned.
The killer bee poisons you! The killer bee stings you!
You die...

#.........# #.........#
#.........#
#########..)...(..+
#.......#.........#
#.......#..)......#
+.......#.........#
#.......#..÷......#
#...@...'.........+
+...y...#.........# .
#.......#.........# ..
#......o#.........# ...{
#######.#.........### ....
#....##†###+#.......> .....
#.....#.....'........
......#.....'.....#........
....y.o.....#.....#........


You could see a killer bee and an orc.

Vanquished Creatures
  A two-headed ogre (D:9)
  A hornet (D:9)
  Edmund (D:4)
  2 phantoms
  3 sky beasts
  A hornet zombie (D:8)
  An ogre (D:4)
  Blork the orc (D:5)
  5 bullfrogs
  4 killer bees (D:8)
  4 wights (D:8)
  3 howler monkeys
  A bullfrog skeleton (D:5)
  3 hounds
  A jelly (D:5)
  6 orc priests
  Crazy Yiuf (D:2)
  8 orc wizards
  2 iguanas
  3 worker ants
  A hound zombie (D:5)
  5 adders
  6 gnolls
  A shadow imp (D:6)
  An adder zombie (D:5)
  2 worms (D:3)
  3 leopard geckos
  18 orcs
  9 giant cockroaches
  8 goblins
  4 hobgoblins
  3 jackals (D:1)
  3 quokkas
  3 ball pythons
  7 bats
  4 frilled lizards
  5 kobolds
  A leopard gecko skeleton (D:4)
  11 rats
147 creatures vanquished.

Vanquished Creatures (collateral kills)
  A river rat (D:4)
  A worm (D:4)
  A leopard gecko skeleton (D:4)
3 creatures vanquished.

Vanquished Creatures (others)
  A quokka (D:5)
1 creature vanquished.

Grand Total: 151 creatures vanquished

Notes
Turn   | Place    | Note
-------+----------+-------------------------------------------
     0 | D:1      | lunkers the Formicid Earth Elementalist began the quest for
                  | the Orb.
     0 | D:1      | Reached XP level 1. HP: 13/13 MP: 3/3
   316 | D:1      | Reached skill level 4 in Earth Magic
   316 | D:1      | Reached XP level 2. HP: 19/19 MP: 1/5
   852 | D:1      | Reached XP level 3. HP: 24/24 MP: 1/6
  1009 | D:1      | Learned a level 2 spell: Passwall
  1013 | D:1      | Learned a level 3 spell: Stone Arrow
  2395 | D:2      | Reached skill level 5 in Earth Magic
  2395 | D:2      | Reached XP level 4. HP: 24/30 MP: 0/8
  2660 | D:2      | Found an iron altar of Okawaru.
  2660 | D:2      | Found a bloodstained altar of Trog.
  2665 | D:2      | Found a glowing golden altar of the Shining One.
  2667 | D:2      | Found a sparkling altar of Nemelex Xobeh.
  2669 | D:2      | Found a basalt altar of Yredelemnul.
  3253 | D:2      | Found a runed translucent door.
  3254 | D:2      | Noticed Crazy Yiuf
  3268 | D:2      | Killed Crazy Yiuf
  3668 | D:3      | Reached XP level 5. HP: 35/35 MP: 9/9
  3806 | D:3      | Reached skill level 6 in Earth Magic
  4166 | D:4      | Reached XP level 6. HP: 16/41 MP: 2/11
  4490 | D:4      | Found a large runed translucent door.
  4490 | D:4      | Found a large runed translucent door.
  4567 | D:4      | Reached skill level 7 in Earth Magic
  4930 | D:4      | Noticed an ogre
  4934 | D:4      | Killed an ogre
  4934 | D:4      | Reached XP level 7. HP: 46/46 MP: 8/13
  4936 | D:4      | Noticed Edmund
  5110 | D:4      | Killed Edmund
  5110 | D:4      | Reached skill level 8 in Earth Magic
  5706 | D:4      | Noticed LufLufFighter's ghost (amateur MfTm)
  5899 | D:5      | Entered Level 5 of the Dungeon
  6040 | D:4      | Reached skill level 5 in Spellcasting
  6279 | D:5      | Reached XP level 8. HP: 52/52 MP: 3/15
  6365 | D:5      | Reached skill level 9 in Earth Magic
  6395 | D:5      | Found a white marble altar of Elyvilon.
  6932 | D:5      | Reached skill level 1 in Fighting
  7312 | D:5      | Noticed Blork the orc
  7318 | D:5      | Killed Blork the orc
  7318 | D:5      | Reached skill level 10 in Earth Magic
  7796 | D:6      | Reached XP level 9. HP: 32/62 MP: 8/18
  8248 | D:6      | Found a staircase to the Ecumenical Temple.
  8264 | Temple   | Entered the Ecumenical Temple
  8384 | Temple   | Became a worshipper of Vehumet
  8872 | D:7      | You fall into a shaft and drop 2 floors!
  9008 | D:9      | Reached skill level 11 in Earth Magic
  9142 | D:9      | Noticed a hornet
  9148 | D:9      | Killed a hornet
  9262 | D:9      | Noticed a two-headed ogre
  9268 | D:9      | Killed a two-headed ogre
  9363 | D:8      | Reached skill level 12 in Earth Magic
  9368 | D:8      | Reached XP level 10. HP: 61/73 MP: 8/21
  9396 | D:8      | Reached skill level 5 in Fighting
  9810 | D:8      | Slain by a killer bee

Illustrated notes

Levels and vault maps discovered:
D:1:      dpeg_arrival_boxorama, layout_basic, minmay_tetromino_s2
D:2:      minmay_spotlight, layout_basic, chequers_temple_overflow_minitemple,
          kennysheep_decorative_pillar, grunt_decor_cap, uniq_crazy_yiuf_cottage
D:3:      layout_basic, minmay_misc_feat_doors
D:4:      layout_basic, portal_sewer_entry_b, ebering_ghost_disaster_area,
          serial_glass, glass_columns_a, glass_columns_a,
          minmay_strange_pillars, due_unseen_surprise, item_on_display_b,
          feat_on_display, uniq_edmund
D:5:      layout_loops_ring, elyvilon_altar_4, hangedman_decor_points,
          uniq_blork_the_orc
D:6:      layout_loops_corners, minmay_temple_entry_tees
D:7:      layout_loops_corners, serial_shops, shop, corexii_corridor_pit
D:8:      layout_gridville, chequers_serial_rivers_micro_a
D:9:      layout_long_grid, kennysheep_doodads, uniq_joseph
Temple:   lightli_temple_of_artemis

Skill      XL: |  1  2  3  4  5  6  7  8  9 10 |
---------------+-------------------------------+-----
Earth Magic    | 4 5 6 7 8 10 12 | 12.6
Spellcasting   | 3 4 5 6 7 |  7.7
Fighting       | 2 4 5 |  5.5
Dodging        | |  1.7
Stealth        | |  2.4
Transmutations | |  1.1

Action                   |  1- 3 |  4- 6 |  7- 9 | 10-12 || total
-------------------------+-------+-------+-------+-------++-------
Melee: Unarmed           |     8 |       |       |       ||     8
       Dagger            |    77 |    35 |       |       ||   112
       Quarterstaff      |       |    58 |    98 |    21 ||   177
 Cast: Sandblast         |    30 |    14 |     9 |     8 ||    61
       Stone Arrow       |     6 |     5 |    79 |    15 ||   105
 Abil: Dig               |       |       |     1 |       ||     1
Evoke: Wand              |       |       |     1 |       ||     1
 Stab: Sleeping          |     1 |     2 |       |       ||     3
       Distracted        |       |     1 |       |       ||     1
Armor: Robe              |    15 |    24 |    24 |    13 ||    76
Dodge: Dodged            |    77 |    57 |    71 |    28 ||   233

Table legend: (Time is in decaauts)
 A = Elapsed time spent in this place.
 B = Non-inter-level travel time spent in this place.
 C = Inter-level travel time spent in this place.
 D = Time resting spent in this place.
 E = Time spent auto-exploring this place.
 F = Levels seen in this place.
 G = Mean time per level.
                   A        B        C        D        E       F      G
               +--------+--------+--------+--------+--------+-----+--------+
         Total |   9873 |   9569 |    304 |    563 |   7356 |  10 |  987.3 |
       Dungeon |   9738 |   9438 |    300 |    563 |   7241 |   9 | 1082.0 |
        Temple |    134 |    130 |      4 |      0 |    115 |   1 |  134.0 |
               +--------+--------+--------+--------+--------+-----+--------+

Top non-repeatable levels by time:
     D:4: 1965 daAuts
     D:2: 1942 daAuts
     D:1: 1575 daAuts
     D:6: 1281 daAuts
     D:5: 1277 daAuts
     D:3: 737 daAuts
     D:8: 474 daAuts
     D:9: 469 daAuts
  Temple: 134 daAuts
     D:7: 14 daAuts
